 Dungeon Crawl Stone Soup version 0.25-a0-701-gb30f108f01 (webtiles) character file.

Game seed: 3291377979136718165, levelgen mode: deterministic

14 Anathary the Skirmisher (level 2, -3/24 HPs)
             Began as a Demonspawn Monk on Apr 3, 2020.
             Slain by a kobold
             ... wielding a +0 club
              (4 damage)
             ... on level 1 of the Dungeon.
             The game lasted 00:01:19 (233 turns).

Anathary the Skirmisher (Demonspawn Monk)            Turns: 233, Time: 00:01:19

Health: -3/24      AC:  4    Str: 11    XL:     2   Next: 27%
Magic:  2/2        EV: 13    Int: 11    God:
Gold:   47         SH:  0    Dex: 15    Spells: 1/1 levels left

rFire    . . .     SeeInvis .   a - +0 falchion
rCold    . . .     Gourm    .   (no shield)
rNeg     . . .     Faith    .   b - +0 robe
rPois    .         Spirit   .   (no helmet)
rElec    .         Reflect  .   (no cloak)
rCorr    .         Harm     .   (no gloves)
MR       .....                  (no boots)
Stlth    ++........             (no amulet)
HPRegen  0.08/turn              (no ring)
MPRegen  0.08/turn              (no ring)

@: no status effects
A: molten scales 1
a: no special abilities


You were on level 1 of the Dungeon.
You were not hungry.

You visited 1 branch of the dungeon, and saw 1 of its levels.

You collected 47 gold pieces.

Inventory:

Hand Weapons
 a - a +0 falchion (weapon)
Armour
 b - a +0 robe (worn)
Jewellery
 g - an uncursed ring of positive energy {unknown}
Scrolls
 f - a scroll of teleportation {unknown}
Potions
 d - a potion of degeneration {unknown}
 e - a potion of curing {unknown}
Comestibles
 c - 3 rations


   Skills:
 + Level 3.2 Fighting
 * Level 3.2 Long Blades
 - Level 2.6 Dodging
 - Level 1.7 Stealth


You had one spell level left.
You didn't know any spells.
Your spell library was empty.

Dungeon Overview and Level Annotations

Branches:
Dungeon (1/15)

Altars:


Innate Abilities, Weirdness & Mutations

You are partially covered in molten scales. (AC +2)


Message History

A bat comes into view.
Something hits you.
The bat moves out of view.
You see here a giant cockroach corpse.
Something hits you but does no damage.
The kobold throws a stone.
The stone barely misses you. The kobold barely misses you.
You hit the kobold.
You kill the kobold!
Something barely misses you.
Items here: ! ( ) † a +0 vampiric dagger; 6 stones; a murky black potion; a kobold corpse You start resting.
Something hits you.
* * * LOW HITPOINT WARNING * * *
You start resting.
Something hits you.
* * * LOW HITPOINT WARNING * * *
You hit something. Something hits you but does no damage.
You barely miss something. Something hits you.
* * * LOW HITPOINT WARNING * * *
You miss something. Something hits you.
You die...

≈≈≈♣♣♣≈♣ ≈♣♣♣P♣≈♣ .###
♣≈≈≈≈♣≈♣♣ .... P≈♣♣≈♣≈P♣
.#.# ♣≈P♣≈♣≈♣♣ ##### ...#
≈≈♣♣≈♣≈♣ ........##
♣♣≈≈♣♣≈♣ ..#.....# #
≈≈≈♣♣≈♣♣ #....#..#.##
♣♣♣♣≈♣♣ #@####.>....
≈≈≈≈♣♣ #{#......... P♣♣♣♣
##+###)#'#....... ♣♣
#..........#..##
#.......†........
#......(.........
#............^...
###########.#######.###'#.
#...........# .# ..


There were no monsters in sight!

Vanquished Creatures
  A dart slug (D:1)
  A leopard gecko (D:1)
  A giant cockroach (D:1)
  A hobgoblin (D:1)
  2 bats (D:1)
  2 frilled lizards (D:1)
  2 kobolds (D:1)
  2 rats (D:1)
12 creatures vanquished.

Notes
Turn   | Place    | Note
-------+----------+-------------------------------------------
     0 | D:1      | Anathary the Demonspawn Monk began the quest for the Orb.
     0 | D:1      | Reached XP level 1. HP: 18/18 MP: 1/1
   184 | D:1      | Gained mutation: You are partially covered in molten
                  | scales. (AC +2) [demonic ancestry]
   184 | D:1      | Reached XP level 2. HP: 24/24 MP: 2/2
   232 | D:1      | HP: 1/24 [something (3)]
   233 | D:1      | Slain by a kobold

Levels and vault maps discovered:
D:1:      nagdon_arrival_double_spiral, layout_basic

Skill      XL: |  1 |
---------------+----+-----
Long Blades    | 3 |  3.2
Fighting       | |  3.2
Dodging        | |  2.6
Stealth        | |  1.7

Action                   || total
-------------------------++-------
Melee: Falchion          ||    32
Armor: Robe              ||    11
Dodge: Dodged            ||    26
       Rpst.: Falchion   ||     7

Table legend:
 A = Non-vault XP
 B = Vault XP
 C = Vault XP percentage of total XP
 D = Non-vault monster count
 E = Vault monster count
 F = Vault count percentage of total count
                 A         B        C        D         E       F
            +---------+---------+-------+---------+---------+-------
      Total |      20 |       0 |   0.0 |      12 |       0 |   0.0
            +---------+---------+-------+---------+---------+-------
        D:1 |      20 |       0 |   0.0 |      12 |       0 |   0.0
            +---------+---------+-------+---------+---------+-------
